 Dungeon Crawl Stone Soup version 0.28.0-43-g3370ac3207 (webtiles) character file.

Game seed: 14486369578954568351

0 tizbic2 the Charlatan (level 1, -2/11 HPs)
             Began as a Deep Elf Artificer on Mar 4, 2022.
             Succumbed to a kobold's poison
             ... on level 1 of the Dungeon.
             The game lasted 00:00:58 (57 turns).

tizbic2 the Charlatan (Deep Elf Artificer)            Turns: 57, Time: 00:00:59

Health: -2/11      AC:  3    Str:  9    XL:     1   Next: 8%
Magic:  3/3        EV: 12    Int: 15    God:
Gold:   25         SH:  0    Dex: 15    Spells: 0/0 levels left

rFire   . . .      SeeInvis .   a - +0 club
rCold   . . .      Faith    .   (no shield)
rNeg    . . .      Spirit   .   b - +0 leather armour
rPois   .          Reflect  .   (no helmet)
rElec   .          Harm     .   (no cloak)
rCorr   .          Rampage  .   (no gloves)
Will    .....                   (no boots)
Stlth   ++........              (no amulet)
HPRegen 0.03/turn               (no ring)
MPRegen 0.08/turn               (no ring)

@: lethally poisoned (-2 -> -15)
A: no striking features
a: no special abilities


You were on level 1 of the Dungeon.
You visited 1 branch of the dungeon, and saw 1 of its levels.

You collected 25 gold pieces.

Inventory:

Hand Weapons
 a - a +0 club (weapon)
Missiles
 f - 13 arrows
Armour
 b - a +0 leather armour (worn)
Wands
 c - a wand of flame (15) (quivered)
 d - a wand of charming (15)
Miscellaneous
 e - a piece from Xom's chessboard (15/15)


   Skills:
 - Level 0.7 Fighting
 - Level 0.7 Armour
 + Level 2.4 Dodging
 - Level 1.2 Stealth
 * Level 0.1 Spellcasting
 + Level 0.0 Summonings
 + Level 3.3 Evocations


You couldn't memorise any spells.
You didn't know any spells.
Your spell library contained the following spells:

 Spells                   Type           Power      Damage    Failure   Level
 Summon Small Mammal      Summ           0%         N/A       36%         1
 Call Canine Familiar     Summ           0%         N/A       73%         3
 Summon Guardian Golem    Hex/Summ       0%         N/A       73%         3


Dungeon Overview and Level Annotations

Branches:
Dungeon (1/15)

Altars:


Message History

Okay, then.
You don't know any spells.
There is a stone staircase leading down here.
You now have 16 gold pieces.
You now have 25 gold pieces (gained 9).
A kobold and a frilled lizard come into view.
The kobold is wielding a +2 dagger of venom.
The kobold shouts!
The frilled lizard hisses angrily.
You completely miss the frilled lizard. The frilled lizard barely misses you.
You closely miss the frilled lizard.
You punch the frilled lizard, but do no damage.
The frilled lizard misses you. x2
You closely miss the frilled lizard. The frilled lizard barely misses you.
You miss the frilled lizard. The frilled lizard barely misses you.
You hit the frilled lizard but do no damage.
The frilled lizard bites you but does no damage.
You hit the frilled lizard but do no damage.
The frilled lizard bites you but does no damage. x2
You miss the frilled lizard.
The frilled lizard bites you but does no damage.
You barely miss the frilled lizard. The frilled lizard bites you.
You hit the frilled lizard.
You kill the frilled lizard!
You closely miss the kobold. Your punch misses the kobold.
The kobold hits you but does no damage.
You are lethally poisoned!
The kobold hits you with a +2 dagger of venom.
You are more poisoned.
You completely miss the kobold.
Ouch! That really hurt!
* * * LOW HITPOINT WARNING * * *
You feel very sick. The kobold barely misses you.
Press: ? - help, v - describe, . - travel
Here: a kobold, wielding a +2 dagger of venom The floor.
You aren't carrying any potions.
You hit the kobold but do no damage.
You die...

#..........(.#
#...♣........##
#....8.........
#.............#
#.........#.#.#
#.....<...#.#.#
#.........#....
###########........#.#..
.......@K.....#.........
###########.#.#.##.#....
#.#.#.# ....> #l#.#.#
..... #.K.#.# ...
#............
....#.#.#.#....
###.........#..
#.#.#.#.#...


You could see a kobold.

Vanquished Creatures
  A frilled lizard (D:1)
1 creature vanquished.

Notes
Turn   | Place    | Note
-------+----------+-------------------------------------------
     0 | D:1      | tizbic2 the Deep Elf Artificer began the quest for the Orb.
     0 | D:1      | Reached XP level 1. HP: 11/11 MP: 3/3
    57 | D:1      | Succumbed to a kobold's poison

Illustrated notes

Levels and vault maps discovered:
D:1:      wander_arrival_lonely_grave, layout_basic,
          shapermc_ecumenical_altar_petra, serial_glass, glass_columns_a,
          glass_columns_b, glass_columns_a, glass_columns_c, glass_columns_a,
          glass_columns_a

Action                   || total
-------------------------++-------
Melee: Club              ||    12
       Punch             ||     1
Armor: Leather armour    ||     5
Dodge: Dodged            ||     6
